SA
CHICAGO TULA @ MT. VERNON BULLS
07/18/2026
 
TOP OF THE 1ST
Chicago Tula batting - Pitching for Mt. Vernon Bulls : RHP Mark Goldwire
Pitching: RHP Mark Goldwire
Batting: RHB Alberto Esquivel 0-0: Ball
1-0: Ball
2-0: Ball
3-0: Called Strike
3-1: Called Strike
3-2: Foul Ball, location: 2F
3-2: Ground out 4-3 (Groundball, 4M)
Batting: RHB José Palácios 0-0: Called Strike
0-1: Called Strike
0-2: Ball
1-2: Ground out 5-3 (Groundball, 56S)
Batting: RHB Rubén Dubón 0-0: Foul Ball, location: 2F
0-1: Called Strike
0-2: Strikes out swinging
Top of the 1st over - 0 run(s), 0 hit(s), 0 error(s), 0 left on base; Chicago 0 - Mt. Vernon 0
BOTTOM OF THE 1ST
Mt. Vernon Bulls batting - Pitching for Chicago Tula : RHP Kenny Makris
Pitching: RHP Kenny Makris
Batting: RHB Noël Sassetti 0-0: Called Strike
0-1: Ground out 6-3 (Groundball, 6)
Batting: RHB Ken Gardner 0-0: Foul Ball, location: 2F
0-1: Ball
1-1: Ball
2-1: Foul Ball, location: 2F
2-2: Ball
3-2: Foul Ball, location: 2F
3-2: Foul Ball, location: 2F
3-2: SINGLE (Groundball, 5D)
Batting: RHB Alba Hidalgo de Jesus 0-0: Ball
1-0: Called Strike
Ken Gardner steals 2nd base
1-1: SINGLE (Line Drive, 6MD)
Ken Gardner to third
Batting: RHB Abraham Phelps 0-0: Ball
1-0: Called Strike
1-1: Called Strike
1-2: Ball
2-2: Fly out, F7 (Flyball, 78S)
Runner from 3rd tags up, SCORES, throw made
Batting: RHB António López 0-0: Ball
1-0: Called Strike
1-1: Swinging Strike
1-2: Ball
2-2: Ball
3-2: Ground out 5-3 (Groundball, 56S)
Bottom of the 1st over - 1 run(s), 2 hit(s), 0 error(s), 1 left on base; Chicago 0 - Mt. Vernon 1
TOP OF THE 2ND
Chicago Tula batting - Pitching for Mt. Vernon Bulls : RHP Mark Goldwire
Batting: RHB Juan Chávez 0-0: SINGLE (Groundball, 6D)
Batting: RHB Júlio Vargas 0-0: Called Strike
0-1: Ball
1-1: Foul Ball, location: 2F
1-2: Grounds into double play, 6-4-3 (Groundball, 6)
Batting: RHB Arturo Scantlebury 0-0: Ball
1-0: Ball
2-0: Foul Ball, location: 2F
2-1: Ball
3-1: Swinging Strike
3-2: Fly out, F8 (Flyball, 8RS)
Top of the 2nd over - 0 run(s), 1 hit(s), 0 error(s), 0 left on base; Chicago 0 - Mt. Vernon 1
BOTTOM OF THE 2ND
Mt. Vernon Bulls batting - Pitching for Chicago Tula : RHP Kenny Makris
Batting: RHB Beau Emery 0-0: Called Strike
0-1: Ground out 4-3 (Groundball, 4MS)
Batting: RHB Rafael López 0-0: Called Strike
0-1: Called Strike
0-2: Strikes out looking
Batting: RHB Louis Litt 0-0: Called Strike
0-1: Foul Ball, location: 2F
0-2: Ball
1-2: Ground out 5-3 (Groundball, 5L)
Bottom of the 2nd over - 0 run(s), 0 hit(s), 0 error(s), 0 left on base; Chicago 0 - Mt. Vernon 1
TOP OF THE 3RD
Chicago Tula batting - Pitching for Mt. Vernon Bulls : RHP Mark Goldwire
Batting: RHB Micheal Lovell 0-0: Ball
1-0: Foul Ball, location: 2F
1-1: Foul Ball, location: 2F
1-2: Ball
2-2: Foul Ball, location: 2F
2-2: Strikes out looking
Batting: RHB Zahid Kashani 0-0: Foul Ball, location: 2F
0-1: Foul Ball, location: 2F
0-2: Foul Ball, location: 2F
0-2: Fly out, F7 (Flyball, 7)
Batting: LHB César Gonzáles 0-0: Ball
1-0: Called Strike
1-1: Ball
2-1: Ball
3-1: Foul Ball, location: 2F
3-2: Ground out U3 (Groundball, 3)
Top of the 3rd over - 0 run(s), 0 hit(s), 0 error(s), 0 left on base; Chicago 0 - Mt. Vernon 1
BOTTOM OF THE 3RD
Mt. Vernon Bulls batting - Pitching for Chicago Tula : RHP Kenny Makris
Batting: RHB Ryan Robbins 0-0: Foul Ball, location: 2F
0-1: Called Strike
0-2: Ball
1-2: Foul Ball, location: 2F
1-2: Ball
2-2: Strikes out swinging
Batting: RHB Noël Sassetti 0-0: Ground out 6-3 (Groundball, 6M)
Batting: RHB Ken Gardner 0-0: Ball
1-0: Ball
2-0: Foul Ball, location: 2F
2-1: Foul Ball, location: 2F
2-2: Strikes out looking
Bottom of the 3rd over - 0 run(s), 0 hit(s), 0 error(s), 0 left on base; Chicago 0 - Mt. Vernon 1
TOP OF THE 4TH
Chicago Tula batting - Pitching for Mt. Vernon Bulls : RHP Mark Goldwire
Batting: RHB Alberto Esquivel 0-0: Called Strike
0-1: Swinging Strike
0-2: Ball
1-2: Ball
2-2: Ball
3-2: Ground out 3-1 (Groundball, 34)
Batting: RHB José Palácios 0-0: Ball
1-0: Swinging Strike
1-1: Fly out, F9 (Flyball, 9)
Batting: RHB Rubén Dubón 0-0: Called Strike
0-1: Swinging Strike
0-2: Strikes out swinging
Top of the 4th over - 0 run(s), 0 hit(s), 0 error(s), 0 left on base; Chicago 0 - Mt. Vernon 1
BOTTOM OF THE 4TH
Mt. Vernon Bulls batting - Pitching for Chicago Tula : RHP Kenny Makris
Batting: RHB Alba Hidalgo de Jesus 0-0: Ball
1-0: Called Strike
1-1: Called Strike
1-2: Ball
2-2: Foul Ball, location: 2F
2-2: Ball
3-2: Fly out, F9 (Flyball, 89M)
Batting: RHB Abraham Phelps 0-0: Swinging Strike
0-1: Ball
1-1: Fly out, F8 (Line Drive, 89D)
Batting: RHB António López 0-0: Called Strike
0-1: Ball
1-1: Ball
2-1: Ground out 6-3 (Groundball, 6S)
Bottom of the 4th over - 0 run(s), 0 hit(s), 0 error(s), 0 left on base; Chicago 0 - Mt. Vernon 1
TOP OF THE 5TH
Chicago Tula batting - Pitching for Mt. Vernon Bulls : RHP Mark Goldwire
Batting: RHB Juan Chávez 0-0: Ball
1-0: SINGLE (Line Drive, 8LS)
Batting: RHB Júlio Vargas 0-0: Ball
1-0: Grounds into double play, 6-4-3 (Groundball, 6)
Batting: RHB Arturo Scantlebury 0-0: Swinging Strike
0-1: DOUBLE (Flyball, 9LM)
Batting: RHB Micheal Lovell 0-0: Ball
1-0: SINGLE (Line Drive, 34D)
Arturo Scantlebury to third
Batting: RHB Zahid Kashani 0-0: Ball
1-0: Foul Ball, location: 2F
1-1: Called Strike
1-2: SINGLE (Line Drive, 56D)
Arturo Scantlebury scores
Micheal Lovell to second
Batting: LHB César Gonzáles 0-0: Ball
1-0: Ball
2-0: Ball
3-0: Base on Balls
Micheal Lovell to third
Zahid Kashani to second
Batting: RHB Alberto Esquivel 0-0: Ball
1-0: Ball
2-0: Called Strike
2-1: Ball
3-1: Fielders Choice at 2nd, 5-4 (Groundball, 5L)
Top of the 5th over - 1 run(s), 4 hit(s), 0 error(s), 2 left on base; Chicago 1 - Mt. Vernon 1
BOTTOM OF THE 5TH
Mt. Vernon Bulls batting - Pitching for Chicago Tula : RHP Kenny Makris
Batting: RHB Beau Emery 0-0: Called Strike
0-1: Ground out 1-3 (Groundball, P)
Batting: RHB Rafael López 0-0: Ball
1-0: Foul Ball, location: 2F
1-1: Ball
2-1: Ball
3-1: Called Strike
3-2: Foul Ball, location: 2F
3-2: SINGLE (Groundball, 34D)
Batting: RHB Louis Litt 0-0: Ball
1-0: Foul Ball, location: 2F
1-1: Ground out 5-3 (Groundball, 56S)
Rafael López to second
Batting: RHB Ryan Robbins 0-0: Ball
1-0: Called Strike
1-1: Called Strike
1-2: Ball
2-2: Foul Ball, location: 2F
2-2: Strikes out looking
Bottom of the 5th over - 0 run(s), 1 hit(s), 0 error(s), 1 left on base; Chicago 1 - Mt. Vernon 1
TOP OF THE 6TH
Chicago Tula batting - Pitching for Mt. Vernon Bulls : RHP Mark Goldwire
Batting: RHB José Palácios 0-0: Fly out, F9 (Flyball, 89M)
Batting: RHB Rubén Dubón 0-0: Called Strike
0-1: Called Strike
0-2: Strikes out looking
Batting: RHB Juan Chávez 0-0: Ball
1-0: Foul Ball, location: 2F
1-1: Ball
2-1: Ball
3-1: SINGLE (Line Drive, 6D)
Batting: RHB Júlio Vargas Pickoff Throw to First - Out!
Top of the 6th over - 0 run(s), 1 hit(s), 0 error(s), 0 left on base; Chicago 1 - Mt. Vernon 1
BOTTOM OF THE 6TH
Mt. Vernon Bulls batting - Pitching for Chicago Tula : RHP Kenny Makris
Batting: RHB Noël Sassetti 0-0: Ball
1-0: Foul Ball, location: 2F
1-1: Ball
2-1: Ground out U3 (Groundball, 34)
Batting: RHB Ken Gardner 0-0: Called Strike
0-1: Ball
1-1: Ball
2-1: Ground out 4-3 (Groundball, 4)
Batting: RHB Alba Hidalgo de Jesus 0-0: Reached on error, E5 (Groundball, 5S)
Batting: RHB Abraham Phelps 0-0: Ground out 3-1 (Groundball, 23)
Bottom of the 6th over - 0 run(s), 0 hit(s), 1 error(s), 1 left on base; Chicago 1 - Mt. Vernon 1
TOP OF THE 7TH
Chicago Tula batting - Pitching for Mt. Vernon Bulls : RHP Mark Goldwire
Pinch Hitting: RHB José Olvera 0-0: Ball
1-0: Ball
2-0: Ball
3-0: Called Strike
3-1: Base on Balls
Pinch Hitting: LHB Dana Waldrip 0-0: Ball
1-0: Ball
2-0: Ball
3-0: Called Strike
3-1: Ground out U3 (Groundball, 34)
José Olvera to second
Pinch Hitting: LHB Jim Unknown 0-0: Intentional Walk
Pinch Hitting: RHB Alejandro Pérez 0-0: Called Strike
0-1: Fielders Choice at 2nd, 6-4 (Groundball, 6)
José Olvera to third
Batting: LHB César Gonzáles 0-0: Called Strike
0-1: Called Strike
0-2: Strikes out looking
Top of the 7th over - 0 run(s), 0 hit(s), 0 error(s), 2 left on base; Chicago 1 - Mt. Vernon 1
BOTTOM OF THE 7TH
Mt. Vernon Bulls batting - Pitching for Chicago Tula : RHP Kenny Makris
Now at 1B: Dani Durán
Now at 2B: José Olvera
Now in LF: Jim Unknown
Now in RF: Marcus Larson
Batting: RHB António López 0-0: Called Strike
0-1: Ground out 6-3 (Groundball, 56)
Batting: RHB Beau Emery 0-0: Called Strike
0-1: Called Strike
0-2: Foul Ball, location: 2F
0-2: Ball
1-2: Foul Ball, location: 2F
1-2: Strikes out looking
Pinch Hitting: SHB Jim Unknown 0-0: Ball
1-0: Foul Ball, location: 2F
1-1: Ground out U3 (Groundball, 3)
Bottom of the 7th over - 0 run(s), 0 hit(s), 0 error(s), 0 left on base; Chicago 1 - Mt. Vernon 1
TOP OF THE 8TH
Chicago Tula batting - Pitching for Mt. Vernon Bulls : RHP Mark Goldwire
Now in RF: Jim Unknown
Pinch Hitting: LHB Miguel Gazivoda 0-0: Called Strike
0-1: Foul Ball, location: 2F
0-2: Ground out 1-3 (Groundball, 13)
Pinch Hitting: RHB Apu Nahasapeemapetilon 0-0: Ground out 4-3 (Groundball, 34)
Batting: RHB Rubén Dubón 0-0: Called Strike
0-1: Foul Ball, location: 2F
0-2: Ball
1-2: Ball
2-2: Foul Ball, location: 2F
2-2: Reached on error, E8 (Line Drive, 8LM)
Pitching: LHP Carlos Núńez
Batting: RHB Juan Chávez 0-0: Fly out, F9 (Flyball, 89M)
Top of the 8th over - 0 run(s), 0 hit(s), 1 error(s), 1 left on base; Chicago 1 - Mt. Vernon 1
BOTTOM OF THE 8TH
Mt. Vernon Bulls batting - Pitching for Chicago Tula : RHP Kenny Makris
Now at 2B: Howard Ickes
Now at 3B: José Morán
Pinch Hitting: LHB Jim Unknown 0-0: Ball
1-0: Foul Ball, location: 2F
1-1: Fly out, F6 (Line Drive, 6M)
Pitching: RHP Howard Vidaurri
Pinch Hitting: LHB Pablo Morales 0-0: Called Strike
0-1: Foul Ball, location: 2F
0-2: Strikes out swinging
Batting: RHB Noël Sassetti 0-0: Foul Ball, location: 2F
0-1: Single, Error in OF, E7, batter to second base
Batting: RHB Ken Gardner 0-0: Called Strike
0-1: Called Strike
0-2: Foul Ball, location: 2F
0-2: Foul Ball, location: 2F
0-2: Ball
1-2: Ball
2-2: SINGLE (Line Drive, 6M)
Noël Sassetti to third
Runner from 3rd tries for Home, SAFE, no throw
Batting: RHB Alba Hidalgo de Jesus 0-0: Called Strike
Ken Gardner is caught stealing 2nd base
Bottom of the 8th over - 1 run(s), 2 hit(s), 1 error(s), 0 left on base; Chicago 1 - Mt. Vernon 2
TOP OF THE 9TH
Chicago Tula batting - Pitching for Mt. Vernon Bulls : LHP Carlos Núńez
Pitching: RHP Pepe Delgado
Now at 2B: Rodrigo Chávez
Now in LF: José Macías
Now in CF: Pablo Morales
Batting: RHB José Olvera 0-0: SINGLE (Line Drive, 56D)
Batting: RHB Dani Durán 0-0: Ball
1-0: Bunt missed!
1-1: Bunted foul
1-2: Ball
2-2: SINGLE (Line Drive, 7S)
José Olvera to second
Batting: LHB Jim Unknown 0-0: Ball
1-0: Sac Bunt - play at first, batter OUT! 5-4
José Olvera to third
Dani Durán to second
Batting: RHB Marcus Larson 0-0: Called Strike
0-1: Foul Ball, location: 2F
0-2: Fly out, F9 (Flyball, 9LM)
Runner from 3rd tags up, SCORES, no throw
Batting: LHB César Gonzáles 0-0: Intentional Walk
Batting: RHB José Morán 0-0: Ball
1-0: Foul Ball, location: 2F
1-1: Foul Ball, location: 2F
1-2: Ball
2-2: SINGLE (Line Drive, 7S)
Dani Durán to third
César Gonzáles to second
Runner from 3rd tries for Home, SAFE, no throw
Batting: RHB Howard Ickes 0-0: Ball
1-0: Called Strike
1-1: Called Strike
1-2: Fly out, F6 (Line Drive, 6)
Top of the 9th over - 2 run(s), 3 hit(s), 0 error(s), 2 left on base; Chicago 3 - Mt. Vernon 2
BOTTOM OF THE 9TH
Mt. Vernon Bulls batting - Pitching for Chicago Tula : RHP Howard Vidaurri
Pitching: RHP José Mora
Batting: SHB José Macías 0-0: Foul Ball, location: 2F
0-1: Ball
1-1: Ball
2-1: Foul Ball, location: 2F
2-2: Strikes out swinging
Batting: RHB Abraham Phelps 0-0: Called Strike
0-1: Fly out, F8 (Flyball, 8LM)
Batting: RHB António López 0-0: Foul Ball, location: 2F
0-1: Fly out, F8 (Flyball, 8LM)
Bottom of the 9th over - 0 run(s), 0 hit(s), 0 error(s), 0 left on base; Chicago 3 - Mt. Vernon 2
Monday, March 20th, 2017 - OOTP Baseball 17.12 Build 75